 Dungeon Sprint DCSS version 0.28-a0-1518-gbe868bca14 (webtiles) character file.

Game seed: 12808221096712187756

19058 mhtbhm the Cutthroat (level 13, -3/101 HPs)
             Began as a Kobold Berserker on Jan 16, 2022.
             Was the Champion of Trog.
             Killed from afar by a catoblepas (5 damage)
             ... with a blast of calcifying dust
             ... in the Dungeon (Sprint IX: "|||||||||||||||||||||||||||||").
             The game lasted 00:07:49 (2929 turns).

mhtbhm the Cutthroat (Kobold Berserker)             Turns: 2929, Time: 00:07:50

Health: -3/101     AC: 20    Str: 19    XL:     13   Next: 1%
Magic:  10/13      EV: 18    Int:  8    God:    Trog [******]
Gold:   84         SH:  0    Dex: 15    Spells: 12/12 levels left

rFire   . . .      SeeInvis .   a - +2 rapier (drain)
rCold   . . .      Faith    .   (no shield)
rNeg    . . .      Spirit   .   b - +3 chain mail
rPois   .          Reflect  .   v - +1 hat
rElec   .          Harm     .   (no cloak)
rCorr   .          Rampage  .   I - +0 pair of gloves {infuse}
Will    +....      NoTele   +   H - +1 pair of boots
Stlth   +.........              (no amulet)
HPRegen 0.26/turn               m - +2 ring of evasion
MPRegen 0.13/turn               E - ring of willpower

@: on berserk cooldown, slowed, very slow
A: small, no large weapons, nightstalker 3
a: Renounce Religion, Berserk, Trog's Hand, Brothers in Arms


You were in the Dungeon.
You worshipped Trog.
Trog was exalted by your worship.
You visited 1 branch You collected 1925 gold pieces.
You spent 1841 gold pieces at shops.

Inventory:

Hand Weapons
 a - a +2 rapier of draining (weapon)
 k - the +8 short sword of the Wheel {vorpal, rC+}
   (Trog gifted it to you in the Dungeon)

   It inflicts extra damage upon your enemies.
   rC:        It protects you from cold.
 u - a +5 antimagic quick blade
Missiles
 o - a curare-tipped dart (quivered)
Armour
 b - a +3 chain mail (worn)
 v - a +1 hat (worn)
 H - a +1 pair of boots (worn)
 I - a +0 pair of gloves of infusion (worn)
Jewellery
 m - a +2 ring of evasion (left hand)
 D - a ring of protection from fire
 E - a ring of willpower (right hand)
 F - a ring of ice
 G - a ring of protection from cold
Wands
 j - a wand of acid (7)
Scrolls
 h - 5 scrolls of blinking
 q - 6 scrolls of fog
 r - a scroll of fear
 s - 6 scrolls of enchant armour
 x - a scroll of immolation
 y - 3 scrolls of enchant weapon
 z - a scroll of summoning
 A - 6 scrolls of identify
Potions
 c - 7 potions of curing
 d - 9 potions of heal wounds
 e - 2 potions of haste
 f - 4 potions of magic
 g - 2 potions of berserk rage
 i - 3 potions of invisibility
 p - 4 potions of might
 t - 2 potions of flight
 B - a potion of resistance
 C - a potion of attraction
Miscellaneous
 w - a condenser vane (inert)


   Skills:
 + Level 20.2 Fighting
 + Level 23.9 Short Blades
 + Level 12.0 Armour
 + Level 14.1 Dodging
 + Level 5.2 Stealth
 + Level 2.6 Evocations


You had 12 spell levels left.
You didn't know any spells.
Your spell library was empty.

Dungeon Overview and Level Annotations

Branches:
Dungeon (1/1)

Altars:
Cheibriados
Dithmenos
Elyvilon
Fedhas
Gozag
Hepliaklqana
Kikubaaqudgha
Makhleb
Nemelex Xobeh
Okawaru
Qazlal
Ru
Sif Muna
Trog
Uskayaw
Vehumet
Wu Jian
Xom
Yredelemnul
Zin
The Shining One
Beogh
Jiyva
Lugonu

Shops:
D !:*?


Innate Abilities, Weirdness & Mutations

You are small and have problems with some larger weapons.
You are completely attuned to the shadows.


Message History

The centaur warrior is struck by lightning.
The basilisk is struck by lightning.
The catoblepas gores you!
Unknown command.
Unknown command.
Unknown command.
Aiming: Corrosive Bolt
Press: ? - help, Shift-Dir - straight line, f - catoblepas
Aim: a catoblepas (calcifying dust, moderately wounded, 100% to hit)
The bolt of acid hits the catoblepas!
The catoblepas is heavily wounded.
The bolt of acid hits the basilisk!
The basilisk is almost dead.
The bolt of acid hits the centaur warrior!
The acid corrodes the centaur warrior!
The centaur warrior is heavily wounded.
You hear an angry hiss.
The catoblepas gores you!!
* * * LOW HITPOINT WARNING * * *
The centaur warrior is struck by lightning.
The catoblepas gores you!!
* * * LOW HITPOINT WARNING * * *
Unknown command.
Unknown command.
Blink to where?
Press: ? - help, Dir - move target, p - catoblepas
As you read the scroll of blinking, it crumbles to dust.
Trog accepts your kill. Trog grants you a weapon!
Something appears at your feet!
You see here the +8 short sword of the Wheel {vorpal, rC+}.
You feel a bit more experienced. Trog accepts your kill.
You feel a bit more experienced.
Your Armour skill increases to level 12!
You have reached level 13!
Okay, then.
k - the +8 short sword of the Wheel {vorpal, rC+} The catoblepas breathes a plume of calcifying dust at you.
The blast of calcifying dust hits you.
You die...

...........'.........')........')
▓▓▓▓▓▓▓▓▓▓▓▓▓▓▓▓▓▓▓▓▓▓▓▓▓▓▓▓▓▓▓▓▓
...........).)..............)....
▓▓▓▓▓▓▓▓▓▓▓▓▓▓▓▓▓▓▓▓▓▓▓▓▓▓▓▓▓▓▓▓▓
∩.∩)∩.∩.))))).......)))))).......
▓▓▓▓▓▓▓▓▓▓▓▓▓▓▓▓▓▓▓▓▓▓▓▓▓▓▓▓▓▓▓▓▓
..................)..............
▓▓▓▓▓▓▓▓▓▓▓▓▓▓▓▓▓▓▓▓▓▓▓▓▓▓▓▓▓▓▓▓▓
y.cl.Y.§§@....[[[[[[[..)))
▓▓▓▓▓▓▓▓▓▓▓▓▓▓▓▓▓▓▓▓▓▓▓▓▓▓


There were no monsters in sight!

Vanquished Creatures
  Gastronok (D)
  Erolcha (D)
  A centaur warrior (D)
  3 ogre magi (D)
  5 two-headed ogres (D)
  An orc knight (D)
  2 cyclopes (D)
  2 orc sorcerers (D)
  2 black mambas (D)
  A salamander (shapeshifter) (D)
  A manticore (D)
  A kobold demonologist (D)
  An unseen horror (D)
  2 cane toads (D)
  Psyche (D)
  3 komodo dragons (D)
  4 polar bears (D)
  A blink frog (D)
  A slime creature (D)
  A yak (D)
  Eustachio (D)
  A basilisk (D)
  3 water moccasins (D)
  6 orc warriors (D)
  4 ogres (D)
  7 black bears (D)
  A centaur (D)
  A wolf (D)
  A kobold brigand (D)
  4 bullfrogs (D)
  5 orc priests (D)
  5 orc wizards (D)
  An adder zombie (D)
  A dart slug (D)
  4 orcs (D)
  A giant cockroach (D)
  A hobgoblin (D)
  A kobold (D)
  A ball python skeleton (D)
  A bat (D)
  A rat (D)
86 creatures vanquished.

Vanquished Creatures (collateral kills)
  A stone giant (D)
  An ogre mage (D)
  2 orc knights (D)
  An orc sorcerer (D)
  An orc wizard (D)
6 creatures vanquished.

Grand Total: 92 creatures vanquished

Notes
Turn   | Place    | Note
-------+----------+-------------------------------------------
     0 | D        | mhtbhm the Kobold Berserker began the quest for the Orb.
     0 | D        | Reached XP level 1. HP: 14/14 MP: 1/1
     9 | D        | Reached ** piety under Trog
    19 | D        | Reached skill level 5 in Short Blades
   108 | D        | Noticed an orc priest
   108 | D        | Noticed a black bear
   112 | D        | Reached XP level 2. HP: 20/20 MP: 2/2
   113 | D        | Killed a black bear
   113 | D        | Reached *** piety under Trog
   114 | D        | Reached skill level 8 in Short Blades
   114 | D        | Reached skill level 1 in Stealth
   114 | D        | Reached XP level 3. HP: 28/28 MP: 3/3
   114 | D        | Reached XP level 4. HP: 32/32 MP: 4/4
   117 | D        | Reached XP level 5. HP: 38/38 MP: 5/5
   168 | D        | Found a snail-covered altar of Cheibriados.
   168 | D        | Found a shadowy altar of Dithmenos.
   169 | D        | Found a white marble altar of Elyvilon.
   170 | D        | Found a blossoming altar of Fedhas.
   171 | D        | Found an opulent altar of Gozag.
   172 | D        | Found a hazy altar of Hepliaklqana.
   173 | D        | Found a viscous altar of Jiyva.
   174 | D        | Found an ancient bone altar of Kikubaaqudgha.
   175 | D        | Found a corrupted altar of Lugonu.
   176 | D        | Found a burning altar of Makhleb.
   177 | D        | Found a sparkling altar of Nemelex Xobeh.
   178 | D        | Found an iron altar of Okawaru.
   179 | D        | Found a stormy altar of Qazlal.
   180 | D        | Found a sacrificial altar of Ru.
   181 | D        | Found a shimmering blue altar of Sif Muna.
   182 | D        | Found a bloodstained altar of Trog.
   183 | D        | Found a hide-covered altar of Uskayaw.
   184 | D        | Found a radiant altar of Vehumet.
   185 | D        | Found an ornate altar of the Wu Jian Council.
   186 | D        | Found a shimmering altar of Xom.
   187 | D        | Found a basalt altar of Yredelemnul.
   188 | D        | Found a glowing silver altar of Zin.
   189 | D        | Found a glowing golden altar of the Shining One.
   239 | D        | Noticed a kobold brigand
   240 | D        | Noticed a centaur
   244 | D        | Killed a kobold brigand
   245 | D        | Reached skill level 10 in Short Blades
   245 | D        | Reached skill level 5 in Dodging
   245 | D        | Reached XP level 6. HP: 44/44 MP: 6/6
   247 | D        | Noticed a komodo dragon
   249 | D        | Reached **** piety under Trog
   253 | D        | Reached skill level 11 in Short Blades
   256 | D        | Killed a komodo dragon
   257 | D        | Reached skill level 10 in Fighting
   257 | D        | Reached skill level 12 in Short Blades
   257 | D        | Reached XP level 7. HP: 52/52 MP: 7/7
   271 | D        | Killed an unseen horror
   271 | D        | Reached ***** piety under Trog
   272 | D        | Reached skill level 14 in Short Blades
   272 | D        | Reached skill level 5 in Armour
   272 | D        | Reached XP level 8. HP: 35/60 MP: 8/8
   391 | D        | Noticed a kobold demonologist
   391 | D        | Noticed a cyclops
   391 | D        | Noticed a slime creature
   394 | D        | Noticed a manticore
   397 | D        | Killed a slime creature
   398 | D        | Noticed a cyclops
   400 | D        | Killed a cyclops
   401 | D        | Reached skill level 15 in Short Blades
   401 | D        | Noticed a cyclops
   402 | D        | Noticed a red devil
   406 | D        | Killed a kobold demonologist
   407 | D        | Reached skill level 16 in Short Blades
   407 | D        | Reached XP level 9. HP: 67/67 MP: 9/9
   555 | D        | Killed a manticore
   556 | D        | Reached skill level 1 in Evocations
   557 | D        | Noticed a salamander
   563 | D        | Killed a cyclops
   564 | D        | Reached skill level 17 in Short Blades
   574 | D        | Killed a salamander
   763 | D        | Noticed a cane toad
   771 | D        | Killed a cane toad
   771 | D        | Noticed a blink frog
   772 | D        | Reached skill level 18 in Short Blades
   772 | D        | Reached skill level 10 in Dodging
   772 | D        | Reached XP level 10. HP: 75/75 MP: 10/10
   785 | D        | Received a gift from Trog
   790 | D        | Reached ****** piety under Trog
   847 | D        | Reached skill level 19 in Short Blades
   932 | D        | Noticed a black mamba
   938 | D        | Noticed a black mamba
   942 | D        | Noticed a komodo dragon
   944 | D        | Received a gift from Trog
   946 | D        | Killed a black mamba
   947 | D        | Reached skill level 15 in Fighting
   949 | D        | Noticed a komodo dragon
   953 | D        | Killed a black mamba
   958 | D        | Killed a komodo dragon
   966 | D        | Killed a komodo dragon
   967 | D        | Reached skill level 20 in Short Blades
   967 | D        | Reached XP level 11. HP: 74/82 MP: 11/11
   984 | D        | Received a gift from Trog
  1300 | D        | Noticed Gastronok
  1311 | D        | Killed Gastronok
  1312 | D        | Reached skill level 21 in Short Blades
  1374 | D        | Noticed Erolcha
  1375 | D        | Noticed Psyche
  1384 | D        | Killed Erolcha
  1384 | D        | Received a gift from Trog
  1387 | D        | Killed Psyche
  1483 | D        | Received a gift from Trog
  1484 | D        | Noticed an orc sorcerer
  1491 | D        | Noticed a stone giant
  1492 | D        | Killed an orc sorcerer
  1496 | D        | Noticed an orc sorcerer
  1501 | D        | Killed a stone giant
  1501 | D        | Killed an orc sorcerer
  1501 | D        | Received a gift from Trog
  1502 | D        | Reached skill level 10 in Armour
  1723 | D        | Noticed an orc knight
  1724 | D        | Noticed an orc sorcerer
  1729 | D        | Reached skill level 22 in Short Blades
  1737 | D        | Killed an orc sorcerer
  1737 | D        | Received a gift from Trog
  1738 | D        | Reached XP level 12. HP: 92/92 MP: 12/12
  1764 | D        | Received a gift from Trog
  2347 | D        | Noticed a two-headed ogre
  2347 | D        | Noticed a two-headed ogre
  2350 | D        | Killed a two-headed ogre
  2356 | D        | Killed a two-headed ogre
  2362 | D        | Noticed an ogre mage
  2364 | D        | Found Xoeduopu's Magic Scroll Boutique.
  2369 | D        | Killed an ogre mage
  2369 | D        | Received a gift from Trog
  2370 | D        | Reached skill level 23 in Short Blades
  2370 | D        | Found Rurie's General Store.
  2421 | D        | Noticed an ogre mage
  2422 | D        | Found Xaenism's Book Boutique.
  2423 | D        | Noticed a two-headed ogre
  2424 | D        | Noticed a two-headed ogre
  2428 | D        | Killed an ogre mage
  2428 | D        | Noticed a two-headed ogre
  2429 | D        | Reached skill level 5 in Stealth
  2433 | D        | Killed a two-headed ogre
  2434 | D        | Found Honoin's Distillery.
  2439 | D        | Noticed an ogre mage
  2440 | D        | Killed a two-headed ogre
  2443 | D        | Noticed an ogre mage
  2444 | D        | Killed a two-headed ogre
  2448 | D        | Killed an ogre mage
  2448 | D        | Received a gift from Trog
  2504 | D        | Killed an ogre mage
  2663 | D        | Bought a condenser vane for 560 gold pieces
  2663 | D        | Bought 2 scrolls of blinking for 210 gold pieces
  2665 | D        | Bought a scroll of blinking for 90 gold pieces
  2665 | D        | Bought a scroll of fog for 24 gold pieces
  2665 | D        | Bought a scroll of fog for 24 gold pieces
  2665 | D        | Bought a scroll of immolation for 42 gold pieces
  2665 | D        | Bought a scroll of enchant weapon for 90 gold pieces
  2667 | D        | Bought a scroll of summoning for 133 gold pieces
  2667 | D        | Bought a scroll of identify for 28 gold pieces
  2671 | D        | Bought a potion of might for 52 gold pieces
  2671 | D        | Bought a potion of invisibility for 104 gold pieces
  2671 | D        | Bought a potion of resistance for 130 gold pieces
  2671 | D        | Bought a potion of heal wounds for 65 gold pieces
  2671 | D        | Bought a potion of might for 52 gold pieces
  2671 | D        | Bought a potion of flight for 39 gold pieces
  2671 | D        | Bought a potion of curing for 39 gold pieces
  2671 | D        | Bought a potion of attraction for 39 gold pieces
  2679 | D        | Bought a scroll of fog for 24 gold pieces
  2679 | D        | Bought a scroll of identify for 24 gold pieces
  2679 | D        | Bought a scroll of identify for 24 gold pieces
  2679 | D        | Bought a scroll of identify for 24 gold pieces
  2679 | D        | Bought a scroll of identify for 24 gold pieces
  2730 | D        | Noticed Eustachio
  2747 | D        | Killed Eustachio
  2893 | D        | Noticed a centaur warrior
  2893 | D        | Noticed a catoblepas
  2927 | D        | HP: 2/96 [catoblepas (26)]
  2928 | D        | Killed a centaur warrior
  2928 | D        | Identified the +8 short sword of the Wheel {vorpal, rC+}
                  | (Trog gifted it to you in the Dungeon)
  2928 | D        | Received a gift from Trog
  2929 | D        | Reached XP level 13. HP: 2/101 MP: 9/13
  2929 | D        | Killed from afar by a catoblepas

Illustrated notes

Levels and vault maps discovered:
D:        linesprint [early_d, line_temple, items_1, d_10, items_2, lair_1,
          lair_end, items_3, orc_1, orc_end, items_4, d_15, swamp_1, shoals_1,
          snake_1, spider_1, d_20, vaults_1, items_5, swamp_end, shoals_end,
          snake_end, spider_end, vaults_end, d_27, items_6, zot_1, zot_end,
          crypt_end, forest_end, elf_end, slime_end, tomb_end, abyss_end,
          pan_hell_end]

Skill      XL: |  1  2  3  4  5  6  7  8  9 10 11 12 |
---------------+-------------------------------------+-----
Fighting       | 4 6 7 8 10 11 12 14 15 17 20 | 20.2
Short Blades   | 5 8 10 12 14 16 18 20 22 23 | 23.9
Armour         | 2 3 4 5 6 7 8 10 12 | 12.0
Dodging        | 4 5 7 9 10 11 12 14 | 14.1
Stealth        | 1 2 3 4 5 |  5.2
Evocations     | 1 2 |  2.6

Action                   |  1- 3 |  4- 6 |  7- 9 | 10-12 | 13-15 || total
-------------------------+-------+-------+-------+-------+-------++-------
Melee: Short sword       |    15 |     7 |       |       |       ||    22
       Rapier            |       |    14 |    49 |   278 |       ||   341
       Punch             |       |       |     2 |     4 |       ||     6
Invok: Berserk           |     1 |     1 |     3 |     9 |       ||    14
       Brothers in Arms  |       |       |       |     4 |       ||     4
Evoke: Wand              |       |       |     2 |     1 |       ||     3
       Condenser vane    |       |       |       |     1 |       ||     1
  Use: Potion            |       |       |       |     2 |       ||     2
       Scroll            |       |       |       |     1 |       ||     1
Armor: Animal skin       |     3 |       |       |       |       ||     3
       Chain mail        |       |     6 |     9 |    51 |       ||    66
Dodge: Dodged            |    11 |     2 |    20 |   100 |       ||   133

Table legend: (Time is in decaauts)
 A = Elapsed time spent in this place.
 B = Non-inter-level travel time spent in this place.
 C = Inter-level travel time spent in this place.
 D = Time resting spent in this place.
 E = Time spent auto-exploring this place.
 F = Levels seen in this place.
 G = Mean time per level.
                   A        B        C        D        E       F      G
               +--------+--------+--------+--------+--------+-----+--------+
         Total |   2859 |   2859 |      0 |   1080 |    654 |   1 | 2859.0 |
       Dungeon |   2859 |   2859 |      0 |   1080 |    654 |   1 | 2859.0 |
               +--------+--------+--------+--------+--------+-----+--------+

Top non-repeatable levels by time:
       D: 2859 daAuts
